 Dungeon Crawl Stone Soup version 0.26-a0-774-g1415c89e12 (webtiles) character file.

Game seed: 148448768979551940

180 Kinoniko the Skirmisher (level 5, -4/61 HPs)
             Began as an Ogre Monk on Nov 9, 2020.
             Slain by a worm (7 damage)
             ... on level 3 of the Dungeon.
             The game lasted 00:03:58 (4368 turns).

Kinoniko the Skirmisher (Ogre Monk)                 Turns: 4368, Time: 00:03:59

Health: -4/61      AC:  3    Str: 15    XL:     5   Next: 60%
Magic:  5/5        EV: 10    Int: 11    God:
Gold:   198        SH:  0    Dex: 12    Spells: 4/4 levels left

rFire    . . .     SeeInvis .   a - +0 hand axe
rCold    + . .     Faith    .   (no shield)
rNeg     . . .     Spirit   .   b - +0 robe
rPois    .         Reflect  .   (helmet restricted)
rElec    .         Harm     .   (no cloak)
rCorr    .         Rampage  .   (gloves unavailable)
MR       .....                  (boots unavailable)
Stlth    ++........             (no amulet)
HPRegen  0.20/turn              (no ring)
MPRegen  0.09/turn              (no ring)

@: no status effects
A: large, unfitting armour, cold resistance 1, sense surroundings 1, tough skin
1
a: no special abilities


You were on level 3 of the Dungeon.
You visited 1 branch of the dungeon, and saw 3 of its levels.

You collected 198 gold pieces.

Inventory:

Hand Weapons
 a - a +0 hand axe (weapon)
Armour
 b - a +0 robe (worn)
Scrolls
 c - a scroll of teleportation
 d - a scroll of random uselessness {unknown}
 e - a scroll of fear {unknown}
 h - a scroll of enchant armour {unknown}
 i - 5 scrolls of identify {unknown}
 j - 2 scrolls of remove curse {unknown}
 k - 2 scrolls of blinking {unknown}
Potions
 f - a potion of degeneration


   Skills:
 * Level 6.3 Fighting
 * Level 4.8 Axes
 - Level 2.6 Dodging
 - Level 1.4 Stealth


You had 4 spell levels left.
You didn't know any spells.
Your spell library was empty.

Dungeon Overview and Level Annotations

Branches:
Dungeon (3/15)

Altars:

Annotations:
D:3 1 exclusion


Innate Abilities, Weirdness & Mutations

You are too large for most types of armour.
You have tough skin. (AC +1)
Your flesh is cold resistant. (rC+)
You passively map a small area around you.


Message History

The worm completely misses you. The gnoll hits you with a +0 club.
* * * LOW HITPOINT WARNING * * *
Things that are here:
a +0 whip; a gnoll corpse The worm bites you.
* * * LOW HITPOINT WARNING * * *
Unknown command.
You barely miss the gnoll.
The gnoll is moderately wounded.
The gnoll hits you with a +0 club.
* * * LOW HITPOINT WARNING * * *
You barely miss the gnoll.
The gnoll is moderately wounded.
You hit the worm. You barely miss the gnoll.
The gnoll is moderately wounded.
You hit the worm. The gnoll hits you with a +0 club.
* * * LOW HITPOINT WARNING * * *
The worm bites you!
You die...

, #........#... *
........##........#...
..(...............##....)...+
..
.................##........#
#.........##........##.....#
, #.......# #.........# * ,
#.......# #.........# ,
#.......# #.........## ,
+##.......# #...@......#
..........###...gw.(...# *
....###.....####).......
..))# #.....####........ *
.)).###........#........,
.....##.######'#........ ,
.....'..................
.....##................. , ,
........................ * ,,


You could see a worm and a gnoll.

Vanquished Creatures
  An orc wizard (D:3)
  Robin (D:3)
  2 gnolls (D:3)
  2 adders
  2 worms (D:2)
  3 dart slugs
  8 orcs (D:3)
  2 giant cockroaches
  12 goblins
  12 hobgoblins
  9 jackals
  7 kobolds
  A quokka (D:2)
  2 ball pythons
  6 bats
  3 frilled lizards
  A leopard gecko zombie (D:3)
  6 rats
80 creatures vanquished.

Notes
Turn   | Place    | Note
-------+----------+-------------------------------------------
     0 | D:1      | Kinoniko the Ogre Monk began the quest for the Orb.
     0 | D:1      | Reached XP level 1. HP: 24/24 MP: 1/1
   328 | D:1      | Reached XP level 2. HP: 21/33 MP: 2/2
  1181 | D:1      | Reached XP level 3. HP: 40/41 MP: 3/3
  1743 | D:2      | Reached skill level 5 in Fighting
  2395 | D:2      | Reached XP level 4. HP: 12/50 MP: 4/4
  3292 | D:3      | Noticed Robin
  3302 | D:3      | Gained mutation: You passively map a small area around you.
                  | [potion of mutation]
  3302 | D:3      | Gained mutation: Your flesh is cold resistant. (rC+)
                  | [potion of mutation]
  3325 | D:3      | Killed Robin
  3693 | D:3      | Reached XP level 5. HP: 27/59 MP: 5/5
  3694 | D:3      | Reached skill level 6 in Fighting
  4368 | D:3      | HP: 3/61 [gnoll/+0 club (5)]
  4368 | D:3      | Slain by a worm

Illustrated notes

Levels and vault maps discovered:
D:1:      minmay_arrival_stone_box, layout_loops_corners
D:2:      layout_basic
D:3:      layout_basic, uniq_robin

Skill      XL: |  1  2  3  4  5 |
---------------+----------------+-----
Fighting       | 5 6 |  6.3
Axes           | 4 |  4.8
Dodging        | |  2.6
Stealth        | |  1.4

Action                   |  1- 3 |  4- 6 || total
-------------------------+-------+-------++-------
Melee: Hand axe          |   154 |   140 ||   294
  Use: Potion            |       |     8 ||     8
       Scroll            |       |     1 ||     1
 Stab: Sleeping          |     4 |       ||     4
Armor: Robe              |    38 |    39 ||    77
       Skin              |       |    94 ||    94
Dodge: Dodged            |    88 |   102 ||   190

Table legend: (Time is in decaauts)
 A = Elapsed time spent in this place.
 B = Non-inter-level travel time spent in this place.
 C = Inter-level travel time spent in this place.
 D = Time resting spent in this place.
 E = Time spent auto-exploring this place.
 F = Levels seen in this place.
 G = Mean time per level.
                   A        B        C        D        E       F      G
               +--------+--------+--------+--------+--------+-----+--------+
         Total |   4417 |   4357 |     60 |   1634 |   2107 |   3 | 1472.3 |
       Dungeon |   4417 |   4357 |     60 |   1634 |   2107 |   3 | 1472.3 |
               +--------+--------+--------+--------+--------+-----+--------+

Top non-repeatable levels by time:
     D:1: 1747 daAuts
     D:3: 1383 daAuts
     D:2: 1286 daAuts
